3L
HARTFORD WHALERS @ PHILADELPHIA 1776 BC
09/04/2021
 
TOP OF THE 1ST
Hartford Whalers batting - Pitching for Philadelphia 1776 BC : LHP Carlos Sánchez
Pitching: LHP Carlos Sánchez
Batting: RHB Javier Díaz 0-0: Swinging Strike
0-1: Foul Ball, location: 2F
0-2: Strikes out swinging
Pitching: LHP Lee Reynolds
Batting: RHB Russell Jackson 0-0: Ball
1-0: Ball
2-0: Fly out, F7 (Flyball, 7LM)
Batting: LHB César Durán 0-0: Called Strike
0-1: Called Strike
0-2: Foul Ball, location: 2F
0-2: Ball
1-2: Strikes out looking
Top of the 1st over - 0 run(s), 0 hit(s), 0 error(s), 0 left on base; Hartford 0 - Philadelphia 1776 0
BOTTOM OF THE 1ST
Philadelphia 1776 BC batting - Pitching for Hartford Whalers : RHP Enrique Cortéz
Pitching: RHP Enrique Cortéz
Batting: RHB Jesús Orozco 0-0: Ball
1-0: Ground out 1-3 (Groundball, 15)
Batting: LHB Sébastien Rolland 0-0: Ball
1-0: Swinging Strike
1-1: Called Strike
1-2: Ball
2-2: SINGLE (Groundball, 34)
Batting: LHB Chris Nelson 0-0: Ball
Sébastien Rolland is caught stealing 2nd base
1-0: Swinging Strike
1-1: SINGLE (Line Drive, 8RS)
Batting: RHB Gil Moore 0-0: Ball
1-0: Foul Ball, location: 2F
1-1: Swinging Strike
1-2: Ball
2-2: Ball
3-2: Foul Ball, location: 2F
3-2: Foul Ball, location: 2F
3-2: Foul Ball, location: 2F
3-2: Base on Balls
Chris Nelson to second
Batting: RHB Yuji Ine 0-0: Ball
1-0: Called Strike
1-1: Ball
2-1: Ground out 5-3 (Groundball, 56)
Bottom of the 1st over - 0 run(s), 2 hit(s), 0 error(s), 2 left on base; Hartford 0 - Philadelphia 1776 0
TOP OF THE 2ND
Hartford Whalers batting - Pitching for Philadelphia 1776 BC : LHP Lee Reynolds
Batting: RHB Mike Brown 0-0: Ball
1-0: Foul Ball, location: 2F
1-1: Ball
2-1: Foul Ball, location: 2F
2-2: Ball
3-2: Strikes out swinging
Batting: RHB Michael Collins 0-0: Ball
1-0: Ball
2-0: Swinging Strike
2-1: Ball
3-1: Swinging Strike
3-2: Strikes out swinging
Batting: RHB Brent Burgess 0-0: SINGLE (Groundball, 6MD)
Batting: LHB Norm Ortega 0-0: Called Strike
0-1: Called Strike
0-2: Strikes out swinging
Top of the 2nd over - 0 run(s), 1 hit(s), 0 error(s), 1 left on base; Hartford 0 - Philadelphia 1776 0
BOTTOM OF THE 2ND
Philadelphia 1776 BC batting - Pitching for Hartford Whalers : RHP Enrique Cortéz
Batting: LHB Manuel García 0-0: Called Strike
0-1: Fly out, F7 (Popup, 78S)
Batting: RHB Cris López 0-0: Ball
1-0: Fly out, F7 (Flyball, 7M)
Batting: RHB Dave Knight 0-0: Called Strike
0-1: Ball
1-1: Fly out, F4 (Popup, 4)
Bottom of the 2nd over - 0 run(s), 0 hit(s), 0 error(s), 0 left on base; Hartford 0 - Philadelphia 1776 0
TOP OF THE 3RD
Hartford Whalers batting - Pitching for Philadelphia 1776 BC : LHP Lee Reynolds
Batting: RHB Román Centena 0-0: Ball
1-0: Ball
2-0: Called Strike
2-1: SINGLE (Groundball, 56)
Batting: RHB Fernando Camacho 0-0: Ball
1-0: Grounds into double play, 4-6-3 (Groundball, 4M)
Batting: RHB Javier Díaz 0-0: Called Strike
0-1: Fly out, F3 (Popup, 3SF)
Top of the 3rd over - 0 run(s), 1 hit(s), 0 error(s), 0 left on base; Hartford 0 - Philadelphia 1776 0
BOTTOM OF THE 3RD
Philadelphia 1776 BC batting - Pitching for Hartford Whalers : RHP Enrique Cortéz
Batting: RHB António Granados 0-0: Ball
1-0: Ground out 5-3 (Groundball, 5L)
Batting: RHB Jesús Orozco 0-0: Ball
1-0: Ball
2-0: Foul Ball, location: 2F
2-1: Ball
3-1: Foul Ball, location: 2F
3-2: Base on Balls
Batting: LHB Sébastien Rolland 0-0: Ball
Jesús Orozco is caught stealing 2nd base
1-0: Ball
2-0: Ground out 4-3 (Groundball, 4)
Bottom of the 3rd over - 0 run(s), 0 hit(s), 0 error(s), 0 left on base; Hartford 0 - Philadelphia 1776 0
TOP OF THE 4TH
Hartford Whalers batting - Pitching for Philadelphia 1776 BC : LHP Lee Reynolds
Batting: RHB Russell Jackson 0-0: Ball
1-0: Swinging Strike
1-1: Ball
2-1: Called Strike
2-2: Strikes out swinging
Batting: LHB César Durán 0-0: Ball
1-0: SINGLE (Groundball, 34D)
Batting: RHB Mike Brown 0-0: Ball
1-0: Called Strike
1-1: Foul Ball, location: 2F
1-2: Ball
2-2: Foul Ball, location: 2F
2-2: Strikes out looking
Batting: RHB Michael Collins 0-0: Foul Ball, location: 2F
0-1: Swinging Strike
0-2: Strikes out looking
Top of the 4th over - 0 run(s), 1 hit(s), 0 error(s), 1 left on base; Hartford 0 - Philadelphia 1776 0
BOTTOM OF THE 4TH
Philadelphia 1776 BC batting - Pitching for Hartford Whalers : RHP Enrique Cortéz
Batting: LHB Chris Nelson 0-0: Swinging Strike
0-1: Fly out, F7 (Line Drive, 7D)
Batting: RHB Gil Moore 0-0: Foul Ball, location: 2F
0-1: Swinging Strike
0-2: Ball
1-2: SINGLE (Flyball, 7S)
Batting: RHB Yuji Ine 0-0: Swinging Strike
0-1: Ball
1-1: Called Strike
1-2: Strikes out swinging
Batting: LHB Manuel García 0-0: Foul Ball, location: 2F
0-1: Ball
1-1: Swinging Strike
1-2: Ball
2-2: Ball
3-2: SINGLE (Groundball, 34D)
Gil Moore to second
Gil Moore to third
Batting: RHB Cris López 0-0: Ball
1-0: Swinging Strike
1-1: SINGLE (Groundball, 34D)
Gil Moore scores
Manuel García to second
Runner from 2nd tries for 3rd, SAFE, no throw or cutoff
Batting: RHB Dave Knight 0-0: SINGLE (Flyball, 89S)
Manuel García scores
Cris López to second
Runner from 2nd tries for 3rd, SAFE, no throw or cutoff
Batting: RHB António Granados 0-0: Called Strike
0-1: Called Strike
0-2: Ball
Wild Pitch!
Cris López scores
Dave Knight to second
1-2: Foul Ball, location: 2F
1-2: Ball
2-2: Strikes out swinging
Bottom of the 4th over - 3 run(s), 4 hit(s), 0 error(s), 1 left on base; Hartford 0 - Philadelphia 1776 3
TOP OF THE 5TH
Hartford Whalers batting - Pitching for Philadelphia 1776 BC : LHP Lee Reynolds
Batting: RHB Brent Burgess 0-0: Foul Ball, location: 2F
0-1: Ball
1-1: Ball
2-1: Fly out, F8 (Line Drive, 8RM)
Batting: LHB Norm Ortega 0-0: DOUBLE (Line Drive, 89M)
Batting: RHB Román Centena 0-0: Called Strike
0-1: Ball
1-1: Ball
2-1: Foul Ball, location: 2F
2-2: Fly out, F3 (Popup, 3F)
Batting: RHB Fernando Camacho 0-0: Called Strike
0-1: Foul Ball, location: 2F
0-2: Ground out 6-3 (Groundball, 6M)
Top of the 5th over - 0 run(s), 1 hit(s), 0 error(s), 1 left on base; Hartford 0 - Philadelphia 1776 3
BOTTOM OF THE 5TH
Philadelphia 1776 BC batting - Pitching for Hartford Whalers : RHP Enrique Cortéz
Batting: RHB Jesús Orozco 0-0: Called Strike
0-1: SINGLE (Line Drive, 89S)
Batting: LHB Sébastien Rolland 0-0: Called Strike
0-1: Foul Ball, location: 2F
0-2: Ball
1-2: Ball
2-2: Foul Ball, location: 2F
2-2: SINGLE (Groundball, 56D)
Jesús Orozco to second
Batting: LHB Chris Nelson 0-0: Ball
1-0: Called Strike
Jesús Orozco is caught stealing 3rd base
Sébastien Rolland to second
1-1: Ball
2-1: Ground out 5-3 (Groundball, 5)
Batting: RHB Gil Moore 0-0: Ball
1-0: Foul Ball, location: 2F
1-1: Called Strike
1-2: Strikes out swinging
Bottom of the 5th over - 0 run(s), 2 hit(s), 0 error(s), 1 left on base; Hartford 0 - Philadelphia 1776 3
TOP OF THE 6TH
Hartford Whalers batting - Pitching for Philadelphia 1776 BC : LHP Lee Reynolds
Batting: RHB Javier Díaz 0-0: Foul Ball, location: 2F
0-1: Ball
1-1: Ball
2-1: Called Strike
2-2: Ball
3-2: Strikes out looking
Batting: RHB Russell Jackson 0-0: Called Strike
0-1: Ball
1-1: Ball
2-1: Foul Ball, location: 2F
2-2: Foul Ball, location: 2F
2-2: Ground out 5-3 (Groundball, 56)
Batting: LHB César Durán 0-0: Ball
1-0: Fly out, F7 (Flyball, 7LM)
Top of the 6th over - 0 run(s), 0 hit(s), 0 error(s), 0 left on base; Hartford 0 - Philadelphia 1776 3
BOTTOM OF THE 6TH
Philadelphia 1776 BC batting - Pitching for Hartford Whalers : RHP Enrique Cortéz
Batting: RHB Yuji Ine 0-0: SINGLE (Line Drive, 7S)
Batting: LHB Manuel García 0-0: Ball
1-0: Bunted foul
1-1: Sac Bunt - play at first, batter OUT! 1-4
Yuji Ine to second
Batting: RHB Cris López 0-0: Intentional Walk
Batting: RHB Dave Knight 0-0: Ball
1-0: Ball
2-0: DOUBLE (Line Drive, 7LM)
Yuji Ine scores
Cris López to third
Runner from 3rd tries for Home, SAFE, no throw or cutoff
Pitching: LHP Dale Stevens
Batting: RHB António Granados 0-0: Ball
1-0: Ground out 6-3 (Groundball, 56)
Batting: RHB Jesús Orozco 0-0: Called Strike
0-1: Fly out, F8 (Flyball, 8RM)
Bottom of the 6th over - 2 run(s), 2 hit(s), 0 error(s), 1 left on base; Hartford 0 - Philadelphia 1776 5
TOP OF THE 7TH
Hartford Whalers batting - Pitching for Philadelphia 1776 BC : LHP Lee Reynolds
Batting: RHB Mike Brown 0-0: Ground out 6-3 (Groundball, 56)
Batting: RHB Michael Collins 0-0: Ball
1-0: Ball
2-0: Called Strike
2-1: Ball
3-1: Foul Ball, location: 2F
3-2: Fly out, F9 (Flyball, 9M)
Batting: RHB Brent Burgess 0-0: Ball
1-0: Foul Ball, location: 2F
1-1: Ball
2-1: Fly out, F7 (Flyball, 78M)
Top of the 7th over - 0 run(s), 0 hit(s), 0 error(s), 0 left on base; Hartford 0 - Philadelphia 1776 5
BOTTOM OF THE 7TH
Philadelphia 1776 BC batting - Pitching for Hartford Whalers : LHP Dale Stevens
Batting: LHB Sébastien Rolland 0-0: Foul Ball, location: 2F
0-1: Called Strike
0-2: Strikes out swinging
Batting: LHB Chris Nelson 0-0: Called Strike
0-1: SINGLE (Groundball, 5D)
Batting: RHB Gil Moore 0-0: Called Strike
0-1: Ball
1-1: Ball
2-1: Foul Ball, location: 2F
2-2: Ball
3-2: Fly out, F4 (Line Drive, 4)
Batting: RHB Yuji Ine 0-0: Ball
1-0: Called Strike
1-1: Swinging Strike
1-2: Strikes out swinging
Bottom of the 7th over - 0 run(s), 1 hit(s), 0 error(s), 1 left on base; Hartford 0 - Philadelphia 1776 5
TOP OF THE 8TH
Hartford Whalers batting - Pitching for Philadelphia 1776 BC : LHP Lee Reynolds
Batting: LHB Norm Ortega 0-0: Swinging Strike
0-1: Foul Ball, location: 2F
0-2: Ball
1-2: Ball
2-2: Foul Ball, location: 2F
2-2: Foul Ball, location: 2F
2-2: Foul Ball, location: 2F
2-2: Foul Ball, location: 2F
2-2: SINGLE (Groundball, 34D)
Batting: RHB Román Centena 0-0: Swinging Strike
0-1: Ball
1-1: Ball
2-1: Fielders Choice at 2nd, 6-4 (Groundball, 6)
Batting: RHB Fernando Camacho 0-0: Called Strike
0-1: Called Strike
0-2: Ball
1-2: SINGLE (Line Drive, 6D)
Román Centena to second
Batting: RHB Javier Díaz 0-0: Called Strike
0-1: Ball
1-1: Fly out, F8 (Flyball, 8LM)
Batting: RHB Russell Jackson 0-0: Called Strike
0-1: Ball
1-1: SINGLE (Line Drive, 6M)
Román Centena to third
Fernando Camacho to second
Runner from 3rd tries for Home, SAFE, throw made at trailing runner, OUT at third!
Top of the 8th over - 1 run(s), 3 hit(s), 0 error(s), 1 left on base; Hartford 1 - Philadelphia 1776 5
BOTTOM OF THE 8TH
Philadelphia 1776 BC batting - Pitching for Hartford Whalers : LHP Dale Stevens
Batting: LHB Manuel García 0-0: Called Strike
0-1: Called Strike
0-2: SINGLE (Flyball, 8LS)
Batting: RHB Cris López 0-0: Sac Bunt - play at first, batter OUT! 1-3
Manuel García to second
Batting: RHB Dave Knight 0-0: Ball
1-0: Called Strike
1-1: Fly out, F7 (Flyball, 7LSF)
Batting: RHB António Granados 0-0: Reached on error, E4 (Groundball, 4)
Manuel García scores
Batting: RHB Jesús Orozco 0-0: Ball
1-0: Called Strike
1-1: Fly out, F6 (Popup, 6D)
Bottom of the 8th over - 1 run(s), 1 hit(s), 1 error(s), 1 left on base; Hartford 1 - Philadelphia 1776 6
TOP OF THE 9TH
Hartford Whalers batting - Pitching for Philadelphia 1776 BC : LHP Lee Reynolds
Batting: LHB César Durán 0-0: Foul Ball, location: 2F
0-1: Called Strike
0-2: Ball
1-2: Strikes out looking
Pitching: LHP Michael Campbell
Batting: RHB Mike Brown 0-0: Called Strike
0-1: SINGLE (Line Drive, 6MD)
Batting: RHB Michael Collins 0-0: Swinging Strike
0-1: Called Strike
0-2: Grounds into double play, 6-4-3 (Groundball, 6)
Top of the 9th over - 0 run(s), 1 hit(s), 0 error(s), 0 left on base; Hartford 1 - Philadelphia 1776 6
This league is powered by Out of the Park Baseball, the baseball management simulation game for PC, Mac and Linux
Friday, January 22nd, 2016 - OOTP Baseball 16.9 Build 39